 Dungeon Crawl Stone Soup version 0.29-a0-617-g7a6b98fccd (webtiles) character file.

Game seed: 212494514441061892

863 IdlyInterested the Poker (level 7, -11/53 HPs)
             Began as a Demonspawn Gladiator on June 17, 2022.
             Killed by divine providence
             ... invoked by an orc priest
              (15 damage)
             ... on level 5 of the Dungeon.
             The game lasted 00:13:29 (5698 turns).

IdlyInterested the Poker (Demonspawn Gladiator)     Turns: 5698, Time: 00:13:30

Health: -11/53     AC: 12    Str: 16      XL:     7   Next: 72%
Magic:  7/7        EV: 10    Int:  7 (9)  God:
Gold:   207        SH:  0    Dex: 15      Spells: 6/6 levels left

rFire   . . .      SeeInvis .   a - +1 trident
rCold   . . .      Faith    .   (no shield)
rNeg    . . .      Spirit   .   h - +0 scale mail
rPois   .          Reflect  .   c - +1 helmet
rElec   .          Harm     .   q - +0 cloak
rCorr   .          Rampage  .   (no gloves)
Will    .....                   (no boots)
Stlth   +.........              (no amulet)
HPRegen 0.17/turn               o - ring of flight
MPRegen 0.10/turn               (no ring)

@: flying
A: thin metallic scales 1, demonic guardian 1, foul stench 1, weakness stinger 1
a: no special abilities


You were on level 5 of the Dungeon.
You visited 1 branch of the dungeon, and saw 5 of its levels.

You collected 207 gold pieces.

Inventory:

Hand Weapons
 a - a +1 trident (weapon)
Missiles
 d - 3 throwing nets
 f - 204 stones (quivered)
 i - a silver boomerang
 l - 5 atropa-tipped darts
 r - a boomerang
 u - 2 poisoned darts
Armour
 c - a +1 helmet (worn)
 h - a +0 scale mail (worn)
 q - a +0 cloak (worn)
Jewellery
 o - a ring of flight (left hand)
 p - an amulet of faith
Wands
 j - a wand of polymorph (8)
Scrolls
 b - a scroll of amnesia
 g - a scroll of teleportation
 m - 2 scrolls of enchant weapon
Potions
 k - a potion of heal wounds
 n - a potion of brilliance {unknown}
 t - a potion of curing
 w - a potion of might


   Skills:
 + Level 3.7 Fighting
 * Level 5.3 Polearms
 - Level 2.0 Throwing
 * Level 4.1 Armour
 - Level 3.0 Dodging
 - Level 2.0 Stealth
 * Level 1.5 Shields
 - Level 2.0 Evocations


You had 6 spell levels left.
You didn't know any spells.
Your spell library contained the following spells:

 Spells                   Type           Power      Damage    Failure   Level
 Summon Small Mammal      Summ           0%         N/A       85%         1
 Poisonous Vapours        Pois/Air       0%         N/A       94%         2
 Call Canine Familiar     Summ           0%         N/A       99%         3
 Summon Guardian Golem    Hex/Summ       0%         N/A       99%         3
 Corpse Rot               Necr/Pois/Air  0%         N/A       100%        4


Dungeon Overview and Level Annotations

Branches:
Dungeon (5/15)
 Temple: D:4-7

Altars:
Makhleb
Ru


Innate Abilities, Weirdness & Mutations

You are partially covered in thin metallic scales. (AC +2)
A weak demonic guardian rushes to your aid.
You may rarely emit foul miasma when damaged in melee.
You have a small tail.


Message History

The black bear barely misses you.
Your white imp hits the black bear but does no damage.
You completely miss the black bear.
The black bear is almost dead.
The black bear bites you! The black bear claws you.
* * * LOW HITPOINT WARNING * * *
You emit a cloud of foul miasma!
The black bear claws you but does no damage.
The black bear is engulfed in dark miasma.
The black bear is poisoned.
You kill the black bear!
You feel your dexterity returning.
Your white imp closely misses the orc.
You start resting.
An orc is nearby!
The orc closely misses your white imp.
Your white imp hits the orc but does no damage.
The orc hits your white imp with a +0 war axe!
Your white imp dies!
Your white imp disappears in a puff of smoke!
You closely miss the orc. You tail-slap the orc.
The orc is lightly wounded.
The orc hits you but does no damage.
Reach: a) +1 trident
Press: ? - help, Dir - move target, f - orc priest
Aim: an orc priest, wielding a +0 hand axe and wearing a +0 scale mail (moderately wounded, about 35% to evade your +1 trident)
You reach to attack!
You puncture the orc priest!
The orc priest is almost dead.
The orc priest invokes the aid of Beogh against you.
Beogh smites you!
* * * LOW HITPOINT WARNING * * *
A demonic guardian appears!
The orc closely misses you. The orc attacks as you move away!
The orc closely misses you.
The orc priest looks encouraged for a moment.
You closely miss the orc.
The orc is lightly wounded.
Your ufetubus hits the orc.
Your ufetubus closely misses the orc.
The orc priest mumbles some strange prayers to Beogh against you.
Beogh smites you!
You die...

#+# #.# ## #.#
..## ##5##.....
#######.o@#...#
#(...)†o.....#
#.#####...#.##
##.##.# #.# #
#.# #.# #.# #.#


You could see an orc priest, an orc (ally target) and a friendly ufetubus
(summoned).

Vanquished Creatures
  A black bear (D:5)
  An ogre (D:4)
  A scorpion (D:4)
  A howler monkey (D:2)
  3 hounds
  3 orc priests
  Crazy Yiuf (D:4)
  2 iguanas (D:4)
  Natasha (twice) (D:3)
  3 orc wizards
  6 adders
  3 worms
  3 dart slugs
  16 orcs
  5 ball pythons
  7 endoplasms
  6 giant cockroaches
  10 goblins
  5 hobgoblins
  7 jackals
  7 kobolds
  3 quokkas
  8 bats
  3 frilled lizards
  8 rats
115 creatures vanquished.

Vanquished Creatures (collateral kills)
  Natasha (D:3)
  2 orcs (D:3)
3 creatures vanquished.

Grand Total: 118 creatures vanquished

Notes
Turn   | Place    | Note
-------+----------+-------------------------------------------
     0 | D:1      | IdlyInterested the Demonspawn Gladiator began the quest for
                  | the Orb.
     0 | D:1      | Reached XP level 1. HP: 16/16 MP: 1/1
   200 | D:1      | Gained mutation: A weak demonic guardian rushes to your
                  | aid. [demonic ancestry]
   200 | D:1      | Reached XP level 2. HP: 12/22 MP: 2/2
   443 | D:1      | Reached skill level 3 in Polearms
   699 | D:1      | Found a faded altar of an unknown god.
   885 | D:1      | Reached skill level 1 in Armour
   885 | D:1      | Reached XP level 3. HP: 27/27 MP: 3/3
  1002 | D:1      | You fall into a shaft and drop 1 floor!
  1555 | D:2      | Reached skill level 1 in Stealth
  1749 | D:2      | Reached XP level 4. HP: 31/34 MP: 4/4
  1939 | D:2      | Noticed Sigmund
  1947 | D:2      | Noticed Sigmund
  1947 | D:2      | Sigmund changed into Sigmund the howler monkey
  1959 | D:2      | Killed Sigmund the howler monkey
  2551 | D:3      | Gained mutation: You have a small tail. [demonic ancestry]
  2551 | D:3      | Reached XP level 5. HP: 40/40 MP: 5/5
  2654 | D:3      | Noticed Natasha
  2663 | D:3      | Killed Natasha
  2664 | D:3      | Reached skill level 4 in Polearms
  2976 | D:3      | Found a sacrificial altar of Ru.
  3392 | D:3      | Gained mutation: You may rarely emit foul miasma when
                  | damaged in melee. [demonic ancestry]
  3392 | D:3      | Reached XP level 6. HP: 15/47 MP: 6/6
  3761 | D:3      | Noticed Natasha
  3767 | D:3      | Killed Natasha
  3768 | D:3      | Reached skill level 1 in Evocations
  3787 | D:3      | Noticed Natasha
  3793 | D:3      | Killed Natasha
  4531 | D:4      | Gained mutation: You are partially covered in thin metallic
                  | scales. (AC +2) [demonic ancestry]
  4531 | D:4      | Reached XP level 7. HP: 50/52 MP: 7/7
  5073 | D:4      | Found a runed translucent door.
  5074 | D:4      | Noticed Crazy Yiuf
  5329 | D:4      | Reached skill level 5 in Polearms
  5387 | D:4      | Killed Crazy Yiuf
  5544 | D:5      | Entered Level 5 of the Dungeon
  5550 | D:5      | Found a burning altar of Makhleb.
  5556 | D:5      | Reached skill level 1 in Shields
  5698 | D:5      | Killed from afar by an orc priest

Illustrated notes

Levels and vault maps discovered:
D:1:      dpeg_arrival_tiny_a, layout_rooms, shapermc_ecumenical_altar_pompeii,
          grunt_decor_one_mirror
D:2:      minmay_door_path, layout_basic, uniq_sigmund
D:3:      layout_loops_ring, mainiacjoe_overflow_catwalk, uniq_natasha
D:4:      layout_gridville, chequers_jeans, minmay_strange_pillars,
          uniq_crazy_yiuf_cottage
D:5:      layout_loops_corners, makhleb_heckhound_becter,
          minmay_temple_entry_steel_oval, nrook_mini_vaults,
          kennysheep_generic_room_4

Skill      XL: |  1  2  3  4  5  6  7 |
---------------+----------------------+-----
Polearms       | 3 4 5 |  5.3
Dodging        | 3 |  3.0
Armour         | 1 2 3 4 |  4.1
Stealth        | 1 2 |  2.0
Fighting       | 3 |  3.7
Evocations     | 2 |  2.0
Throwing       | 2 |  2.0
Shields        | 1 |  1.5

Action                   |  1- 3 |  4- 6 |  7- 9 || total
-------------------------+-------+-------+-------++-------
Melee: Trident           |   150 |   190 |    80 ||   420
       Tailslap          |       |    20 |     7 ||    27
       Punch             |       |     3 |     3 ||     6
Throw: Dart              |       |     3 |     1 ||     4
       Javelin           |       |       |     1 ||     1
Evoke: Wand              |       |     1 |     2 ||     3
  Use: Potion            |     2 |     6 |     1 ||     9
       Scroll            |     1 |     5 |     1 ||     7
Armor: Leather armour    |    48 |       |       ||    48
       Scale mail        |    23 |    88 |    32 ||   143
Dodge: Dodged            |   118 |    94 |    34 ||   246

Table legend: (Time is in decaauts)
 A = Elapsed time spent in this place.
 B = Non-inter-level travel time spent in this place.
 C = Inter-level travel time spent in this place.
 D = Time resting spent in this place.
 E = Time spent auto-exploring this place.
 F = Levels seen in this place.
 G = Mean time per level.
                   A        B        C        D        E       F      G
               +--------+--------+--------+--------+--------+-----+--------+
         Total |   5722 |   5613 |    109 |   1922 |   2669 |   5 | 1144.4 |
       Dungeon |   5722 |   5613 |    109 |   1922 |   2669 |   5 | 1144.4 |
               +--------+--------+--------+--------+--------+-----+--------+

Top non-repeatable levels by time:
     D:2: 1548 daAuts
     D:3: 1514 daAuts
     D:4: 1488 daAuts
     D:1: 1016 daAuts
     D:5: 155 daAuts
